 Dungeon Crawl Stone Soup version 0.30-a0-879-ga8ba668304 (webtiles) character file.

Game seed: 8745702701112921186

250170 FallingFreak the Tortoise (level 19, -2/162 HPs)
             Began as a Ghoul Warper on Mar 6, 2023.
             Was the Champion of Makhleb.
             Slain by a peacekeeper (8 damage)
             ... on level 1 of the Vaults on Mar 12, 2023.
             The game lasted 09:22:30 (56959 turns).

FallingFreak the Tortoise (Ghoul Warper)           Turns: 56959, Time: 09:22:31

Health: -2/162     AC: 26    Str: 17    XL:     19   Next: 62%
Magic:  4/32       EV: 11    Int: 17    God:    Makhleb [******]
Gold:   391        SH:  0    Dex:  8    Spells: 3/39 levels left

rFire   + . .      SeeInvis .    a - +1 great mace (drain)
rCold   + . .      Faith    .    (shield currently unavailable)
rNeg    + + +      Spirit   .    L - +4 ring mail "Nymaeckova" {rF+ Will+ Int+3 Stlth-}
rPois   ∞          Reflect  .    Y - +1 helmet
rElec   .          Rampage  .    J - +0 cloak "Useadu" {Will+}
rCorr   .                        D - +1 pair of gloves
Will    +++..                    q - +1 pair of boots Stlth
                                 k - amulet of magic regeneration {@P9}
HPRegen 0.00/turn                Q - +4 ring of protection
MPRegen 0.63/turn                G - ring of wizardry

@: about to teleport, inhibited regen
A: claws 1, cold resistance 1, negative energy resistance 3, inhibited
regeneration, torment resistance 2, devour on kill
}: 2/15 runes: serpentine, barnacled
a: Renounce Religion, Minor Destruction, Lesser Servant of Makhleb, Major
Destruction, Greater Servant of Makhleb


You were on level 1 of the Vaults.
You worshipped Makhleb.
Makhleb was exalted by your worship.
You visited 8 branches of the dungeon, and saw 34 of its levels.

You collected 3237 gold pieces.
You spent 2846 gold pieces at shops.

Inventory:

Hand Weapons
 a - a +1 great mace of draining (weapon)
 c - a +0 great mace of protection
 s - a +4 eveningstar of venom
 w - the +10 hand axe of Midsummer {drain, Fly}
   (You took it off a kobold on level 8 of the Dungeon)

   Fly:       It grants you flight.
Missiles
 K - 4 boomerangs of dispersal {!f}
 N - 7 curare-tipped darts
 V - 6 silver javelins
 W - 6 throwing nets {!f}
Armour
 q - a +1 pair of boots (worn)
 D - a +1 pair of gloves (worn)
 J - the +0 cloak "Useadu" (worn) {Will+}
   (You found it on level 3 of the Lair of Beasts)

   Will:      It increases your willpower.
 L - the +4 ring mail "Nymaeckova" (worn) {rF+ Will+ Int+3 Stlth-}
   (You found it on level 2 of the Lair of Beasts)

   Int:       It affects your intelligence (+3).
   rF:        It protects you from fire.
   Will:      It increases your willpower.
   Stlth:     It makes you less stealthy.
 P - the +1 ring mail of Decompression {rElec SInv}
   (You found it on level 4 of the Shoals)

   rElec:     It insulates you from electricity.
   SInv:      It lets you see invisible.
 Y - a +1 helmet (worn)
Magical Staves
 b - a staff of air {@w2!a}
Jewellery
 k - an amulet of magic regeneration (around neck) {@P9}
 o - a ring of ice
 C - a ring of protection from fire
 G - a ring of wizardry (right hand)
 I - a ring of see invisible
 Q - a +4 ring of protection (left hand)
Wands
 i - a wand of digging (5)
 l - a wand of acid (18)
 u - a wand of roots (7)
 O - a wand of paralysis (15)
Scrolls
 f - 9 scrolls of blinking
 g - 8 scrolls of teleportation
 h - 14 scrolls of magic mapping
 y - 3 scrolls of fog
 B - 5 scrolls of butterflies
 F - a scroll of fear
 H - 5 scrolls of immolation
 T - 3 scrolls of silence
 U - a scroll of torment
Potions
 d - 8 potions of haste
 e - 7 potions of heal wounds
 x - 4 potions of magic
 z - 14 potions of curing
 A - 3 potions of cancellation
 S - 3 potions of ambrosia
 X - 11 potions of brilliance
 Z - 3 potions of might
Miscellaneous
 j - a box of beasts
 m - a condenser vane
 p - a phantom mirror


   Skills:
 + Level 12.7 Fighting
 + Level 14.9 Maces & Flails
 - Level 0.8 Throwing
 + Level 15.6 Armour
 - Level 1.7 Dodging
 + Level 10.9 Spellcasting
 - Level 9.0 Conjurations
 - Level 10.9 Translocations
 - Level 7.6 Ice Magic
 + Level 10.5 Air Magic
 - Level 3.0 Evocations


You had 3 spell levels left.
You knew the following spells:

 Your Spells              Type           Power      Damage    Failure   Level
c - Blink                 Tloc           92%        N/A       1%          2
d - Kindle Blastsparks    Fire/Tloc/Air  66%        2d15      1%          3
h - Manifold Assault      Tloc           46%        N/A       1%          4
k - Arcjolt               Conj/Air       21%        1d31      2%          5
z - Ozocubu's Armour      Ice            35%        N/A       1%          3
A - Teleport Other        Tloc           46%        N/A       1%          3
B - Airstrike             Air            22%        2d(4-20)  1%          4
C - Apportation           Tloc           92%        N/A       1%          1
E - Passage of Golubria   Tloc           46%        N/A       1%          4
F - Freezing Cloud        Conj/Ice/Air   20%        6-21      3%          5
Z - Lesser Beckoning      Tloc           92%        N/A       1%          2

Your spell library contained the following spells:

 Spells                   Type           Power      Damage    Failure   Level
 Foxfire                  Conj/Fire      96%        2x1d8     1%          1
 Magic Dart               Conj           100%       1d8       1%          1
 Shock                    Conj/Air       100%       1d9       1%          1
 Ensorcelled Hibernation  Hex/Ice        44%        N/A       1%          2
 Searing Ray              Conj           80%        2d7       1%          2
 Gell's Gravitas          Tloc           46%        N/A       1%          3
 Hailstorm                Conj/Ice       37%        3d9       1%          3
 Swiftness                Air            45%        N/A       1%          3
 Vhi's Electric Charge    Tloc/Air       90%        N/A       1%          3
 Stone Arrow              Conj/Erth      48%        3d10      2%          3
 Necrotise                Necr           36%        1d5       4%          1
 Summon Small Mammal      Summ           36%        N/A       4%          1
 Ignite Poison            Fire/Tmut/Pois 9%         N/A       14%         3
 Inner Flame              Hex/Fire       9%         N/A       14%         3
 Tukima's Dance           Hex            9%         N/A       14%         3
 Summon Lightning Spire   Summ/Air       27%        N/A       5%          4
 Flame Wave               Conj/Fire      24%        2d8       8%          4
 Fulminant Prism          Conj/Hex       12%        3d9       8%          4
 Sticky Flame             Conj/Fire      24%        2d5       8%          4
 Dispersal                Tloc           23%        N/A       9%          6
 Summon Forest            Summ/Tloc      13%        N/A       14%         5
 Fireball                 Conj/Fire      12%        3d7       21%         5
 Anguish                  Hex/Necr       4%         N/A       41%         4
 Animate Armour           Summ/Erth      18%        N/A       41%         4
 Animate Dead             Necr           9%         N/A       41%         4
 Starburst                Conj/Fire      12%        6d5       69%         6
 Alistair's Intoxication  Tmut/Pois      6%         N/A       75%         5
 Borgnjor's Vile Clutch   Necr/Erth      4%         N/A       75%         5
 Summon Mana Viper        Hex/Summ       9%         N/A       75%         5
 Yara's Violent Unravell  Hex/Tmut       4%         3d4       75%         5
 Simulacrum               Ice/Necr       11%        N/A       78%         6
 Ozocubu's Refrigeration  Ice            17%        4d11      82%         7
 Disjunction              Tloc           23%        N/A       96%         8
 Malign Gateway           Summ/Tloc      13%        N/A       98%         7
 Maxwell's Capacitive Co  Air            22%        ∞         98%         8
 Death Channel            Necr           4%         N/A       99%         6
 Eringya's Noxious Bog    Tmut/Pois      4%         N/A       99%         6
 Summon Hydra             Summ           4%         N/A       100%        7
 Lehudib's Crystal Spear  Conj/Erth      12%        10d4      100%        8
 Sublimation of Blood     Necr           Unusable   N/A       N/A         2
 Wereblood                Tmut           Unusable   N/A       N/A         2
 Spider Form              Tmut/Pois      Unusable   N/A       N/A         3
 Ice Form                 Ice/Tmut       Unusable   N/A       N/A         4

Dungeon Overview and Level Annotations

Branches:
Dungeon (15/15) Zot: 24600  Temple (1/1) D:5 Zot: 5967    Lair (5/5) D:11 Zot: 19736
 Shoals (4/4) Lair:2 Zot: 17607   Snake (4/4) Lair:2 Zot: 15521   Slime (0/5) Lair:4
    Orc (2/2) D:9 Zot: 8489     Elf (2/3) Orc:2 Zot: 8349  Vaults (1/5) D:13 Zot: 5353
 Depths (0/4) D:15

Altars:
Ashenzari
Cheibriados
Dithmenos
Fedhas
Gozag
Hepliaklqana
Kikubaaqudgha
Makhleb
Nemelex Xobeh
Okawaru
Qazlal
Ru
Sif Muna
Trog
Uskayaw
Vehumet
Wu Jian
Xom
Yredelemnul
Jiyva

Shops:
D:7 =   D:8 [*   Orc:1 ![**:   Orc:2 *??((   Shoals:1 *   Shoals:2 :
Shoals:4 !   Snake:1 :   Snake:2 =:=   Snake:4 :   Vaults:1 *

Portals:
Abyss: D:4

Annotations:
D:3 Pikel
D:4 2 transporters, oldplebian's ghost, amateur GnCA
D:7 2 transporters
D:8 4 transporters, 1 exclusion
Lair:4 1 runed translucent door
Shoals:3 exclusions: 2 downstairs and upstairs, Mlioglotl; Nikola


Innate Abilities, Weirdness & Mutations

You are immune to poison.
You have sharp fingernails.
Your flesh is cold resistant. (rC+)
You are immune to negative energy. (rN+++)
You do not regenerate when monsters are visible.
You are immune to unholy pain and torment.
You thrive by killing the living.


Message History

The peacekeeper claws you but does no damage.
You don't have enough magic to cast this spell.
Okay, then.
Saving game... please wait.
Welcome back, FallingFreak the Ghoul Warper.
Blood and souls for Makhleb!
Press ? for a list of commands and other information.
Welcome back, FallingFreak the Ghoul Warper.
Blood and souls for Makhleb!
Press ? for a list of commands and other information.
As you read the scroll of fear, it crumbles to dust.
You assume a fearsome visage.
The ironbound convoker looks frightened!
The peacekeeper is unaffected.
The war gargoyle is unaffected.
The peacekeeper is engulfed in freezing vapours.
The peacekeeper bites you!
* * * LOW HITPOINT WARNING * * *
The peacekeeper claws you but does no damage.
The war gargoyle is engulfed in freezing vapours.
As you read the scroll of teleportation, it crumbles to dust.
You feel strangely unstable.
The peacekeeper is engulfed in freezing vapours.
The peacekeeper bites you but does no damage.
The peacekeeper claws you!
* * * LOW HITPOINT WARNING * * *
The war gargoyle is engulfed in freezing vapours.
The ironbound convoker is engulfed in freezing vapours.
The peacekeeper is engulfed in freezing vapours.
The peacekeeper barely misses you. The peacekeeper claws you!
* * * LOW HITPOINT WARNING * * *
The war gargoyle hits you with a +0 morningstar!!
* * * LOW HITPOINT WARNING * * *
The peacekeeper bites you!
* * * LOW HITPOINT WARNING * * *
The peacekeeper claws you but does no damage.
You feel better.
The war gargoyle hits you with a +0 morningstar.
* * * LOW HITPOINT WARNING * * *
The peacekeeper bites you!
You die...

.....☼§.☼.9(○☼...#
....§.°...9@○....#
...?☼#§..........#
....#§...........#
#####
....##...........#
##.#.# .#.
###...#######
##)...) . .#..#
#...... .....#
##..∩.. #.....
#...... ##.....
##.#.# #####


You could see a war gargoyle (strong) and a peacekeeper.

Vanquished Creatures
  Jorgrun (Orc:1)
  Kirke (Lair:3)
  Donald (Shoals:3)
  2 nagarajas (Snake:4)
  Ilsuiw (Shoals:4)
  4 vault wardens (Vaults:1)
  Aizul (Snake:1)
  An ironbound preserver (Vaults:1)
  Louise (Shoals:4)
  A stone giant (D:15)
  A deep elf demonologist (Elf:1)
  2 ironbound thunderhulks (Vaults:1)
  Azrael (Snake:1)
  A dire elephant (Lair:5)
  Snorg (D:10)
  6 merfolk impalers
  5 merfolk javelineers
  A deep elf death mage (Elf:2)
  4 salamander tyrants (Snake:4)
  4 vault guards (Vaults:1)
  Fannar (Orc:1)
  2 yaktaur captains (Vaults:1)
  An ironbound frostheart (Vaults:1)
  4 merfolk avatars
  2 hydras
  16 anacondas
  5 ogre magi
  2 alligator snapping turtles
  3 catoblepae
  5 centaur warriors
  9 boulder beetles
  14 death yaks
  24 two-headed ogres
  9 naga warriors
  8 dancing weapons
  A satyr (Shoals:2)
  2 merfolk aquamancers (Shoals:4)
  2 tengu warriors
  12 shock serpents
  9 naga sharpshooters
  7 deep elf knights
  A fire crab (shapeshifter) (D:13)
  Nergalle (D:10)
  A skyshark (Shoals:2)
  7 salamander mystics (Snake:4)
  Amaemon (D:8)
  8 sea snakes
  3 deep trolls (Vaults:1)
  3 naga ritualists
  9 deep elf archers
  A wizard (Vaults:1)
  7 lindwurms
  An orc knight (D:15)
  2 ironbound convokers (Vaults:1)
  10 deep elf zephyrmancers
  2 orc sorcerers (Elf:1)
  21 deep elf pyromancers
  18 harpies
  10 mana vipers
  10 manticores
  7 cyclopes
  8 fauns
  6 elephants (Lair:5)
  21 salamanders
  14 ugly things
  29 black mambas
  A black mamba (shapeshifter) (D:13)
  8 guardian serpents (Snake:4)
  3 torpor snails (Lair:5)
  13 merfolk sirens
  A water nymph (Shoals:1)
  14 naga magi
  2 vault sentinels
  2 ice statues (Snake:2)
  2 gargoyles
  10 cane toads
  3 yaktaurs (Vaults:1)
  An orange demon (D:8)
  Maggie (D:8)
  A cane toad (shapeshifter) (D:13)
  3 rime drakes
  5 komodo dragons
  A kobold demonologist (D:10)
  Psyche (D:11)
  An unseen horror (D:7)
  5 trolls
  3 blink frogs (Lair:2)
  7 wind drakes
  3 meliai
  A hornet (D:15)
  27 merfolk
  7 snapping turtles
  13 dream sheep
  11 slime creatures
  A shadow (D:10)
  A vampire (D:11)
  A wyvern (shapeshifter) (D:9)
  3 wraiths
  8 water elementals
  4 wyverns
  3 fire elementals
  5 hogs
  A basilisk (shapeshifter) (D:15)
  3 basilisks
  37 yaks
  Grum (D:8)
  A steam dragon (D:8)
  45 nagas
  4 wargs
  9 vampire mosquitoes
  4 hell hounds (Snake:1)
  3 acid dragons
  A floating eye (shapeshifter) (D:14)
  19 water moccasins
  2 black bears
  17 orc warriors
  2 ice beasts
  2 sky beasts
  29 ogres
  21 wolves
  11 centaurs
  4 lemures (D:3)
  7 kobold brigands
  8 bullfrogs
  2 scorpions
  5 gnoll sergeants
  An earth elemental (Elf:2)
  9 wights
  5 howler monkeys
  Crazy Yiuf (D:6)
  6 hounds
  A jelly (D:5)
  A gnoll bouda (D:9)
  13 orc priests
  3 iguanas
  20 orc wizards
  9 adders
  14 gnolls
  A shadow imp (D:6)
  3 white imps (D:7)
  An ufetubus (D:5)
  2 worms
  76 orcs
  9 ball pythons
  2 bats (D:2)
  7 endoplasms
  2 giant cockroaches (D:1)
  4 goblins
  7 hobgoblins
  5 jackals
  21 kobolds
  3 quokkas
  2 frilled lizards (D:1)
  7 rats
  2 bushes
1030 creatures vanquished.

Vanquished Creatures (others)
  A merfolk aquamancer (Shoals:4)
  A deep elf zephyrmancer (Elf:1)
  A human (D:3)
  An orc (Orc:1)
  42 fungi
  72 plants
118 creatures vanquished.

Grand Total: 1148 creatures vanquished

Notes
Turn   | Place    | Note
-------+----------+-------------------------------------------
     0 | D:1      | FallingFreak the Ghoul Warper began the quest for the Orb.
     0 | D:1      | Reached XP level 1. HP: 17/17 MP: 2/2
    12 | D:1      | Reached XP level 2. HP: 24/24 MP: 4/4
   470 | D:1      | Increase (s)trength, (i)ntelligence, or (d)exterity?
   470 | D:1      | Reached XP level 3. HP: 23/29 MP: 5/5
   863 | D:2      | Found a bloodstained altar of Trog.
   905 | D:2      | Reached skill level 1 in Armour
  1004 | D:2      | Reached XP level 4. HP: 27/36 MP: 6/6
  1045 | D:2      | A sourceless malevolence fills the Dungeon...
  1045 | D:2      | You fall into a shaft and drop 1 floor!
  1651 | D:3      | Found an ancient bone altar of Kikubaaqudgha.
  2112 | D:3      | Found a faded altar of an unknown god.
  2174 | D:3      | Noticed a human
  2175 | D:3      | Killed a human
  2201 | D:3      | Found a shimmering blue altar of Sif Muna.
  2268 | D:4      | Noticed Pikel
  2280 | D:3      | Learned a level 2 spell: Blink
  2283 | D:3      | Learned a level 2 spell: Lesser Beckoning
  2287 | D:3      | Learned a level 3 spell: Teleport Other
  2312 | D:4      | Noticed a lemure
  2353 | D:4      | Noticed an ogre
  2400 | D:4      | Noticed a lemure
  2400 | D:4      | Noticed a lemure
  2400 | D:4      | Noticed a lemure
  2416 | D:3      | Killed a lemure
  2567 | D:3      | Killed a lemure
  2783 | D:3      | Killed a lemure
  3003 | D:3      | Killed a lemure
  3208 | D:4      | Reached XP level 5. HP: 41/41 MP: 8/8
  3404 | D:4      | Noticed oldplebian's ghost (amateur GnCA)
  3440 | D:4      | Reached skill level 2 in Armour
  3641 | D:4      | Found a transporter.
  3665 | D:4      | Found a one-way gate to the infinite horrors of the Abyss.
  3672 | D:4      | Reached XP level 6. HP: 23/48 MP: 9/9
  3847 | D:4      | Found a transporter.
  3981 | D:4      | Found a snail-covered altar of Cheibriados.
  4173 | D:5      | Entered Level 5 of the Dungeon
  4196 | D:5      | Noticed an ice beast
  4315 | D:5      | Reached XP level 7. HP: 55/55 MP: 11/11
  4445 | D:4      | Reached skill level 3 in Armour
  4834 | D:5      | Found a staircase to the Ecumenical Temple.
  4977 | D:5      | Reached XP level 8. HP: 58/61 MP: 13/13
  5210 | D:6      | Reached skill level 5 in Translocations
  5430 | D:6      | Reached skill level 4 in Armour
  5831 | Temple   | Entered the Ecumenical Temple
  5854 | Temple   | Became a worshipper of Makhleb the Destroyer
  5991 | D:6      | Reached skill level 5 in Maces & Flails
  6497 | D:6      | Found a runed translucent door.
  6498 | D:6      | Noticed Crazy Yiuf
  6507 | D:6      | Killed Crazy Yiuf
  6662 | D:7      | Reached skill level 5 in Spellcasting
  6662 | D:7      | Increase (s)trength, (i)ntelligence, or (d)exterity?
  6662 | D:7      | Reached XP level 9. HP: 47/67 MP: 15/15
  6826 | D:6      | Upgraded the game from 0.30-a0-857-gcaf70739d4 to
                  | 0.30-a0-859-gf88a04b62d
  6932 | D:7      | Found a transporter.
  6935 | D:7      | Noticed a kobold demonologist
  6984 | D:7      | Found a transporter.
  7002 | D:7      | Found Rimuik's Jewellery Shop.
  7043 | D:7      | Reached skill level 5 in Armour
  7153 | D:7      | Noticed a two-headed ogre
  7161 | D:7      | Noticed an unseen horror
  7175 | D:7      | Killed an unseen horror
  7253 | D:7      | Killed a two-headed ogre
  7652 | D:7      | Reached * piety under Makhleb
  7744 | D:7      | Reached skill level 6 in Armour
  7908 | D:7      | Reached XP level 10. HP: 41/73 MP: 18/18
  8294 | D:7      | Noticed a two-headed ogre
  8323 | D:7      | Killed a two-headed ogre
  8619 | D:8      | Noticed Maggie
  8635 | D:8      | Killed Maggie
  8661 | D:8      | Learned a level 4 spell: Manifold Assault
  8665 | D:8      | Learned a level 3 spell: Kindle Blastsparks
  8780 | D:8      | Noticed Maurice
  8803 | D:8      | Maurice changed into Maurice the naga
  8803 | D:8      | Noticed Maurice
  8816 | D:8      | Killed Maurice the naga
  9002 | D:8      | Found a blossoming altar of Fedhas.
  9048 | D:8      | Found a transporter.
  9065 | D:8      | Found a transporter.
  9141 | D:8      | Noticed Amaemon
  9191 | D:8      | Noticed an orange demon
  9202 | D:8      | Killed Amaemon
  9207 | D:8      | Killed an orange demon
  9208 | D:8      | Reached skill level 7 in Armour
  9307 | D:8      | Noticed Grum
  9330 | D:8      | Killed Grum
  9692 | D:8      | Found Obosm's General Store.
  9700 | D:8      | Bought a scroll of teleportation for 36 gold pieces
  9795 | D:8      | Reached ** piety under Makhleb
  9812 | D:8      | Found an iron altar of Okawaru.
  9827 | D:8      | Found Fudisoxt's Armour Shoppe.
  9832 | D:8      | Bought a +0 helmet for 49 gold pieces
  9832 | D:8      | Bought a +0 pair of gloves for 49 gold pieces
  9863 | D:8      | You miscast Manifold Assault.
  9868 | D:8      | Identified the +10 hand axe of Midsummer {drain, Fly}
 10003 | D:8      | Found a transporter.
 10020 | D:8      | Found a transporter.
 10235 | D:8      | Bought a +2 scale mail of willpower for 231 gold pieces
 10297 | D:9      | Found a staircase to the Orcish Mines.
 10402 | D:9      | Noticed a catoblepas
 10444 | D:9      | Reached XP level 11. HP: 79/79 MP: 20/20
 10560 | D:9      | Noticed a two-headed ogre
 10945 | D:9      | You miscast Manifold Assault.
 10954 | D:9      | Killed a two-headed ogre
 10955 | D:9      | Reached skill level 1 in Air Magic
 11582 | D:9      | You miscast Manifold Assault.
 11813 | D:9      | Noticed a two-headed ogre
 11828 | D:9      | You miscast Manifold Assault.
 11829 | D:9      | You miscast Manifold Assault.
 11834 | D:9      | Killed a two-headed ogre
 11927 | D:9      | Noticed a deep elf pyromancer
 11951 | D:9      | Killed a deep elf pyromancer
 12016 | D:9      | Killed a catoblepas
 12017 | D:9      | Reached skill level 8 in Armour
 12111 | D:9      | Noticed a deep elf pyromancer
 12649 | D:9      | Killed a deep elf pyromancer
 12711 | D:9      | Found an ornate altar of the Wu Jian Council.
 12937 | D:9      | You miscast Manifold Assault.
 12939 | D:9      | You miscast Manifold Assault.
 13890 | D:10     | Entered Level 10 of the Dungeon
 14033 | D:10     | You miscast Manifold Assault.
 14036 | D:10     | You miscast Manifold Assault.
 14245 | D:10     | Noticed a tengu warrior
 14484 | D:10     | Killed a tengu warrior
 14675 | D:10     | You miscast Manifold Assault.
 14937 | D:10     | Noticed Nergalle
 15153 | D:10     | Noticed a spectral orc warlord
 15162 | D:10     | Killed Nergalle
 15163 | D:10     | Reached XP level 12. HP: 68/85 MP: 14/21
 15457 | D:10     | Noticed Snorg
 15463 | D:10     | Killed Snorg
 15963 | D:11     | You miscast Manifold Assault.
 16176 | D:11     | Noticed a boulder beetle
 16198 | D:11     | Killed a boulder beetle
 16217 | D:11     | Found a staircase to the Lair.
 16238 | D:11     | Reached *** piety under Makhleb
 16239 | D:11     | Reached skill level 9 in Armour
 16263 | Lair:1   | Entered Level 1 of the Lair of Beasts
 16456 | D:11     | Got the Dissertation on Massed Wicked Magicks
 16696 | D:11     | Noticed a boulder beetle
 16717 | D:11     | Killed a boulder beetle
 16776 | D:11     | You miscast Manifold Assault.
 16777 | D:11     | You miscast Manifold Assault.
 16982 | D:11     | Reached skill level 5 in Air Magic
 17144 | D:11     | Noticed a two-headed ogre
 17146 | D:11     | You miscast Manifold Assault.
 17152 | D:11     | Killed a two-headed ogre
 17153 | D:11     | Reached skill level 10 in Translocations
 17438 | D:11     | Noticed Psyche
 17443 | D:11     | Killed Psyche
 17998 | D:12     | Noticed a boulder beetle
 18015 | D:12     | Killed a boulder beetle
 18016 | D:12     | Reached skill level 10 in Maces & Flails
 18989 | D:13     | Noticed a centaur warrior
 19015 | D:13     | Killed a centaur warrior
 19194 | D:13     | Reached XP level 13. HP: 59/91 MP: 14/22
 19403 | D:13     | Reached **** piety under Makhleb
 19404 | D:13     | Reached skill level 10 in Armour
 19883 | D:13     | Found a gate to the Vaults.
 20090 | Lair:1   | Found the +4 robe of Augmentation {Str+4 Int+4 Dex+4}
 20349 | Lair:1   | A sourceless malevolence fills the Lair of Beasts...
 20547 | Lair:1   | Identified an amulet of magic regeneration
 21216 | Lair:2   | Identified the +4 ring mail "Nymaeckova" {rF+ Will+ Int+3
                  | Stlth-}
 21274 | Lair:2   | Noticed Sonja
 21276 | Lair:2   | Sonja changed into Sonja the ogre
 21276 | Lair:2   | Noticed Sonja
 21294 | Lair:2   | Killed Sonja the ogre
 21367 | Lair:2   | Learned a level 5 spell: Freezing Cloud
 21563 | Lair:2   | Reached skill level 1 in Ice Magic
 21826 | Lair:2   | Found a staircase to the Shoals.
 22329 | Lair:2   | Found a staircase to the Snake Pit.
 23207 | Lair:3   | Noticed Kirke
 23412 | Lair:3   | Identified the +0 cloak "Useadu" {Will+}
 23502 | Lair:3   | Reached skill level 11 in Armour
 23558 | Lair:3   | Reached XP level 14. HP: 99/99 MP: 9/23
 23647 | Lair:3   | Killed Kirke
 23674 | Lair:3   | Found a hide-covered altar of Uskayaw.
 23674 | Lair:3   | Identified the +3 dagger "Hafoet" {freeze, rF+ Str-5 Dex+3}
 23675 | Lair:3   | Found an ornate altar of the Wu Jian Council.
 23866 | Lair:3   | You miscast Manifold Assault.
 23891 | Lair:3   | You miscast Manifold Assault.
 23913 | Lair:3   | Reached ***** piety under Makhleb
 24317 | Lair:3   | Reached skill level 5 in Ice Magic
 24373 | Lair:3   | A sourceless malevolence fills the Lair of Beasts...
 25284 | Lair:4   | Found a runed translucent door.
 25355 | Lair:4   | Found a viscous altar of Jiyva.
 25356 | Lair:4   | Found a staircase to the Slime Pits.
 26147 | Lair:5   | Entered Level 5 of the Lair of Beasts
 27324 | Lair:5   | You miscast Manifold Assault.
 27711 | Lair:5   | Reached skill level 12 in Armour
 27995 | Lair:5   | You miscast Manifold Assault.
 28577 | Lair:5   | Increase (s)trength, (i)ntelligence, or (d)exterity?
 28577 | Lair:5   | Reached XP level 15. HP: 96/106 MP: 24/24
 28674 | Lair:5   | You miscast Manifold Assault.
 29435 | D:14     | Reached skill level 1 in Conjurations
 29858 | D:14     | You miscast Manifold Assault.
 30411 | D:14     | Paralysed by a floating eye for 4 turns
 30416 | D:14     | Paralysed by a floating eye for 2 turns
 30464 | D:14     | Identified the +3 glaive "Dragon's Tongue" {antimagic, rN+
                  | Int+3 SInv}
 30594 | D:15     | Entered Level 15 of the Dungeon
 30594 | D:15     | Found a hide-covered altar of Uskayaw.
 31160 | D:14     | Reached skill level 5 in Fighting
 31621 | D:15     | Found a staircase to the Depths.
 32587 | D:9      | Upgraded the game from 0.30-a0-859-gf88a04b62d to
                  | 0.30-a0-860-g512cf1e979
 32588 | Orc:1    | Entered Level 1 of the Orcish Mines
 32588 | Orc:1    | Found Goac's General Store.
 32788 | Orc:2    | Entered Level 2 of the Orcish Mines
 32960 | Orc:2    | Reached skill level 1 in Evocations
 32961 | Orc:2    | Reached ****** piety under Makhleb
 33156 | Orc:2    | Reached skill level 13 in Armour
 33338 | Orc:2    | Reached XP level 16. HP: 102/124 MP: 27/27
 33480 | Orc:2    | Found Vifysama's Magic Scroll Shop.
 33480 | Orc:2    | Found Amianarch's Weapon Shoppe.
 33480 | Orc:2    | Found Yroabbe's Magic Scroll Shoppe.
 33480 | Orc:2    | Found Geacsiw's Antique Weapon Boutique.
 33763 | Orc:2    | Found a staircase to the Elven Halls.
 34024 | Orc:2    | Found Suugyate's General Store.
 34273 | Orc:1    | Noticed Jorgrun
 34273 | Orc:1    | Found Qyocaij's General Store.
 34288 | Orc:1    | Killed Jorgrun
 34293 | Orc:1    | You miscast Manifold Assault.
 34339 | Orc:1    | Found Ciarod's Armour Shop.
 34432 | Orc:1    | Found Igeagiro's Book Shop.
 34532 | Orc:1    | Noticed Fannar
 34537 | Orc:1    | You miscast Manifold Assault.
 34638 | Orc:1    | Killed Fannar
 34688 | Orc:1    | Found Gaovila's Distillery.
 34814 | Orc:1    | Bought a ring of wizardry for 360 gold pieces
 34831 | Orc:1    | Bought Great Wizards, Vol. VII for 450 gold pieces
 34836 | Orc:1    | Learned a level 4 spell: Passage of Golubria
 34836 | Orc:1    | Bought a book of Party Tricks for 240 gold pieces
 34838 | Orc:1    | Learned a level 1 spell: Apportation
 34906 | Orc:1    | Bought a potion of curing for 51 gold pieces
 34906 | Orc:1    | Bought a potion of curing for 51 gold pieces
 34906 | Orc:1    | Bought a potion of curing for 51 gold pieces
 34906 | Orc:1    | Bought a potion of curing for 51 gold pieces
 34951 | Orc:2    | Bought a scroll of teleportation for 30 gold pieces
 34951 | Orc:2    | Bought a scroll of teleportation for 30 gold pieces
 34994 | Orc:2    | Bought a scroll of teleportation for 39 gold pieces
 35038 | Orc:2    | Bought a scroll of teleportation for 48 gold pieces
 35038 | Orc:2    | Bought a scroll of identify for 32 gold pieces
 35038 | Orc:2    | Bought a scroll of identify for 32 gold pieces
 35038 | Orc:2    | Bought a scroll of identify for 32 gold pieces
 35188 | Snake:1  | Entered Level 1 of the Snake Pit
 36285 | Snake:1  | Noticed Aizul
 36287 | Snake:1  | You miscast Freezing Cloud.
 36290 | Snake:1  | Reached skill level 5 in Conjurations
 36301 | Snake:1  | Killed Aizul
 36340 | Snake:1  | Noticed Azrael
 36344 | Snake:1  | Found Moipn's Book Boutique.
 36346 | Snake:1  | Killed Azrael
 36783 | Snake:1  | Bought Maxwell's Memoranda for 608 gold pieces
 36789 | Snake:1  | Learned a level 5 spell: Arcjolt
 36869 | Snake:1  | You miscast Manifold Assault.
 36892 | Snake:1  | You miscast Freezing Cloud.
 37108 | Snake:1  | You miscast Freezing Cloud.
 37282 | Snake:1  | Upgraded the game from 0.30-a0-860-g512cf1e979 to
                  | 0.30-a0-862-g1aabd4f9c5
 37593 | Snake:2  | A sourceless malevolence fills the Snake Pit...
 37769 | Snake:2  | Found Xeocve's Jewellery Boutique.
 37772 | Snake:2  | Found Seiromef's Book Emporium.
 37774 | Snake:2  | Found Mewafah's Jewellery Boutique.
 39228 | Snake:3  | Found a sacrificial altar of Ru.
 40911 | Snake:4  | Entered Level 4 of the Snake Pit
 41291 | Snake:4  | Reached XP level 17. HP: 136/136 MP: 20/28
 41562 | Snake:4  | You miscast Freezing Cloud.
 41563 | Snake:4  | You miscast Freezing Cloud.
 42326 | Snake:4  | Reached skill level 14 in Armour
 42719 | Snake:4  | Learned a level 3 spell: Ozocubu's Armour
 42786 | Snake:4  | You miscast Freezing Cloud.
 42885 | Snake:4  | Found Dirph's Tremendous Tomes.
 43437 | Snake:4  | You miscast Freezing Cloud.
 43485 | Snake:4  | You miscast Arcjolt.
 43617 | Snake:4  | Reached skill level 10 in Fighting
 44243 | Snake:4  | Reached skill level 10 in Air Magic
 44437 | Snake:4  | Got a serpentine rune of Zot
 44856 | Shoals:1 | Entered Level 1 of the Shoals
 45238 | Shoals:1 | Found Coulawi's General Store.
 45246 | Shoals:1 | Bought a scroll of blinking for 90 gold pieces
 45340 | Shoals:1 | You miscast Freezing Cloud.
 45627 | Shoals:1 | Reached XP level 18. HP: 149/149 MP: 10/30
 45632 | Shoals:1 | You miscast Freezing Cloud.
 45900 | Shoals:1 | You miscast Arcjolt.
 46089 | Shoals:2 | You miscast Freezing Cloud.
 46278 | Shoals:2 | You miscast Manifold Assault.
 46280 | Shoals:2 | You miscast Manifold Assault.
 46375 | Shoals:2 | Found Gafav's Vocational Training.
 46714 | Shoals:3 | You miscast Freezing Cloud.
 47300 | Shoals:3 | Noticed Donald
 47322 | Shoals:3 | Killed Donald
 47849 | Shoals:3 | Noticed Mlioglotl
 47876 | Shoals:2 | You miscast Arcjolt.
 48002 | Shoals:3 | Identified the +1 great sword of Eternal War {venom, rPois}
 48071 | Shoals:4 | Entered Level 4 of the Shoals
 48072 | Shoals:4 | You miscast Freezing Cloud.
 48367 | Shoals:4 | You miscast Freezing Cloud.
 48431 | Shoals:4 | Found Vuptymik's Distillery.
 48441 | Shoals:4 | Bought a potion of heal wounds for 70 gold pieces
 48658 | Shoals:4 | Noticed Ilsuiw
 48750 | Shoals:4 | You miscast Freezing Cloud.
 48972 | Shoals:4 | Noticed Nikola
 49541 | Shoals:4 | Killed Ilsuiw
 49773 | Shoals:4 | Upgraded the game from 0.30-a0-862-g1aabd4f9c5 to
                  | 0.30-a0-867-g305f33218d
 49834 | Shoals:4 | Identified the +9 triple sword of the Wary Bounties {vamp,
                  | rF++ Dex+4}
 49977 | Shoals:4 | Reached skill level 10 in Spellcasting
 50037 | Shoals:4 | Identified the amulet of Eshuxez {*Corrode +Blink rN+++
                  | Regen+ Int-2}
 50256 | Shoals:4 | You miscast Freezing Cloud.
 50262 | Shoals:4 | Reached skill level 15 in Armour
 50438 | Shoals:4 | Identified the +8 spear of Suicidal Tendencies {pain, rPois
                  | rC+}
 50616 | Shoals:4 | You miscast Freezing Cloud.
 50617 | Shoals:4 | You miscast Freezing Cloud.
 50623 | Shoals:4 | Noticed Louise
 50643 | Shoals:4 | Killed Louise
 50702 | Shoals:4 | Got a barnacled rune of Zot
 50893 | Shoals:4 | Identified the +1 ring mail of Decompression {rElec SInv}
 50983 | Shoals:4 | Bought 2 potions of curing for 84 gold pieces
 50983 | Shoals:4 | Bought a potion of curing for 42 gold pieces
 50983 | Shoals:4 | Bought a potion of curing for 42 gold pieces
 51310 | Elf:1    | Entered Level 1 of the Elven Halls
 52093 | Orc:1    | Learned a level 4 spell: Airstrike
 52486 | Elf:1    | Identified the +0 robe "Quzisaaf" {+Inv}
 52568 | Elf:1    | Reached XP level 19. HP: 160/160 MP: 23/32
 52661 | Elf:1    | A sourceless malevolence fills the Elven Halls...
 52855 | Elf:1    | Got the Discursus on Amassed Bolts
 53646 | Elf:2    | You miscast Freezing Cloud.
 55141 | Elf:2    | HP: 4/161 [+0 hand crossbow (19)]
 55550 | Elf:2    | You miscast Airstrike.
 55981 | Elf:2    | グレートメイス弱すぎる。 飛ぶ武器一体に殴り負ける。
 56292 | Vaults:1 | Entered Level 1 of the Vaults
 56546 | Vaults:1 | You miscast Freezing Cloud.
 56717 | Vaults:1 | Found Gawk's General Store.
 56724 | Vaults:1 | Bought a potion of curing for 48 gold pieces
 56955 | Vaults:1 | Upgraded the game from 0.30-a0-867-g305f33218d to
                  | 0.30-a0-879-ga8ba668304
 56958 | Vaults:1 | HP: 7/162 [peacekeeper (13)]
 56959 | Vaults:1 | Slain by a peacekeeper

Illustrated notes

#.#######.......[..<[.# #.# #...
#.##........>...)@....#####.#
####
#.##.###..................#.#
.....# #....................#
#.#######..[......<...###.######
#.................[.###
#......####
#########..)......###
######..... #########.........#
##.###### ..(.......###.###.#
##.#.##### #########.#
#.....########.###.....
######.###.##..#.........#(####.
#..........##......######.......
#.##.#.###.##......## #.#####.
#.#..>.###.##.......#####.# #.
#.......................#.# #.
########################### ##
###


Turn 55981 on Elf:2: グレートメイス弱すぎる。 飛ぶ武器一体に殴り負ける。

Levels and vault maps discovered:
D:1:      dpeg_arrival_leaves_temple_mockup, layout_rooms, serial_forest,
          infiniplex_forest_zigzag_2, infiniplex_forest_clump_large,
          infiniplex_forest_lined_ring, infiniplex_forest_corner_2,
          infiniplex_forest_pool, infiniplex_forest_clump_curved
D:2:      layout_rooms, basic_altar, chequers_serial_rivers_micro_b
D:3:      layout_rooms, led_sif_pool, tgw_kikubaaqudgha,
          shapermc_ecumenical_altar_mp_vishouse, minmay_misc_feat_rows
D:4:      layout_basic, mainiacjoe_overflow_tiny_flanked,
          gammafunk_ghost_abyssal_escape, uniq_pikel
D:5:      layout_rooms, minmay_temple_entry_from_below_a, dk_noncrumbling_2,
          roderic_filled_cross
D:6:      layout_basic, hex_medium, uniq_crazy_yiuf_cottage
D:7:      gammafunk_wand_slinger, layout_basic, serial_shops, shop, kb_rosetta
D:8:      layout_loops_ring, kennysheep_little_box, mainiacjoe_overflow_catwalk,
          amcnicky_altar_gilded, serial_shops, shop,
          chequers_serial_rivers_micro_e, nicolae_stop_n_shop_2,
          nicolae_transporter_intersection, uniq_maurice, uniq_maggie,
          uniq_grum, uniq_amaemon
D:9:      hangedman_cross_cluster, layout_grid_maze, old_standard_altar
D:10:     cheibrodos_barr_body, layout_long_grid, uniq_snorg, uniq_nergalle
D:11:     layout_roguey, david_lair_shrubbed, uniq_psyche
D:12:     layout_basic
D:13:     layout_loops_ring, david_vaults_2, minmay_variable_closet
D:14:     layout_loops_cross, serial_rivers, chequers_serial_rivers_small_a,
          chequers_serial_rivers_small_a, chequers_serial_rivers_micro_d,
          chequers_serial_rivers_room_b, chequers_serial_rivers_large_a,
          roderic_lattice_a
D:15:     grunt_enter_depths_giant_problem, layout_cross,
          nicolae_uskayaw_dance_hall, minmay_statues_item,
          minmay_tree_intersection
Temple:   hellmonk_temple_two_chambers
Lair:1:   layout_gridlike, minivault_27, cheibrodos_lair_reptile_den,
          grunt_megastairs_1
Lair:2:   layout_regular_city, elwin_shoals_entry_stream,
          minmay_snake_entry_guardpost_small, uniq_sonja
Lair:3:   layout_cave_pods, nzn_masters_of_martial_movement,
          lemuel_fruit_fields, uniq_kirke
Lair:4:   layout_loops_ring, slime_entry_2
Lair:5:   hangedman_lair_in_review, layout_long_grid, wormcave
Shoals:1: layout_shoals, serial_shops, shop,
          nicolae_shoals_stone_sculpture_thing
Shoals:2: layout_shoals, nicolae_shop_vocational
Shoals:3: layout_shoals, uniq_donald, uniq_mlioglotl
Shoals:4: shoals_end_hangedman, layout_shoals, shoals_ilsuiw_ice, serial_shops,
          shop, uniq_nikola, uniq_louise
Snake:1:  layout_rooms, serial_shops, shop_fountains,
          hangedman_snake_wide_pillar_pass, uniq_aizul, uniq_azrael
Snake:2:  layout_layer_cave, portal_ice_cave_entry_ice_statue_two, st_stairs_11,
          minmay_shop_grove
Snake:3:  layout_layer_cave, basic_altar
Snake:4:  snake_pit_salamanders_mu, layout_grid_maze,
          nicolae_shop_i_like_big_books
Orc:1:    layout_caves, serial_shops, nicolae_square_shop, shop,
          nicolae_shop_crystal, nicolae_shop_crystal, shop_fountains,
          basic_altar, uniq_jorgrun, uniq_fannar
Orc:2:    st_orc_ogre_mass, layout_caves, serial_shops, shop_statue
Elf:1:    minmay_elf_arrival_circle, layout_loops_cross, minmay_elf_sorcery,
          dreamdust_princess_bridge
Elf:2:    nicolae_elf_blades_splatter_lattice [nicolae_blade_bullseye],
          layout_loops_ring, infiniplex_enter_wizlab_spiral
Vaults:1: nicolae_vaults_border_crossing, nicolae_vaults_alarming,
          hangedman_vaults_nails, hangedman_vaults_unwind,
          vaults_room_grunt_arrival_ludios, vaults_mumra_lcd,
          ontoclasm_vaults_fault, ontoclasm_vaults_ring_square,
          ontoclasm_vaults_claustrophobia, vaults_room_pools,
          vaults_room_corners, layout_vaults_omnibox, serial_shops,
          nicolae_shop_trees

Skill      XL: |  1  2  3  4  5  6  7  8  9 10 11 12 13 14 15 16 17 18 19 |
---------------+----------------------------------------------------------+-----
Maces & Flails | 2 3 4 5 6 7 9 10 11 12 13 14 | 14.9
Spellcasting   | 2 3 4 5 6 7 8 9 10 | 10.9
Translocations | 3 4 5 6 8 9 10 | 10.9
Armour         | 1 2 3 4 6 7 8 9 11 12 13 14 15 | 15.6
Air Magic      | 4 5 7 8 9 10 | 10.5
Ice Magic      | 4 7 |  7.6
Fighting       | 6 8 10 11 12 | 12.7
Conjurations   | 4 6 7 8 9 |  9.0
Evocations     | 2 3 |  3.0
Throwing       | |  0.8
Dodging        | |  1.7

Action                     |  1- 3 |  4- 6 |  7- 9 | 10-12 | 13-15 | 16-18 | 19-21 || total
---------------------------+-------+-------+-------+-------+-------+-------+-------++-------
  Melee: Mace              |    59 |   130 |   295 |   129 |       |       |       ||   613
         Punch             |       |     2 |     5 |     4 |     9 |     1 |       ||    21
         Quarterstaff      |       |       |    79 |     7 |       |       |       ||    86
         Dire flail        |       |       |       |    37 |       |       |       ||    37
         Hand axe          |       |       |       |   446 |   932 |   498 |       ||  1876
         Great mace        |       |       |       |    59 |   678 |   531 |   222 ||  1490
         Demon whip        |       |       |       |    23 |    76 |       |       ||    99
   Fire: Sling             |    66 |   133 |       |       |       |       |       ||   199
  Throw: Boomerang         |     3 |     6 |    17 |    15 |     2 |    19 |       ||    62
         Dart              |       |     8 |     8 |    39 |    11 |     6 |       ||    72
         Stone             |       |     1 |    26 |    10 |       |       |       ||    37
         Javelin           |       |       |     6 |     3 |       |     8 |       ||    17
   Cast: Manifold Assault  |       |       |       |   106 |   353 |   354 |    64 ||   877
         Lesser Beckoning  |       |       |       |    32 |    35 |    88 |    22 ||   177
         Blink             |       |       |       |     2 |     4 |     9 |     5 ||    20
         Kindle Blastspark |       |       |       |     7 |    11 |       |       ||    18
         Teleport Other    |       |       |       |     3 |     3 |       |       ||     6
         Freezing Cloud    |       |       |       |       |       |   274 |    54 ||   328
         Apportation       |       |       |       |       |       |    14 |       ||    14
         Arcjolt           |       |       |       |       |       |    26 |       ||    26
         Passage of Golubr |       |       |       |       |       |    15 |       ||    15
         Ozocubu's Armour  |       |       |       |       |       |     6 |     4 ||    10
         Airstrike         |       |       |       |       |       |     2 |    24 ||    26
  Evoke: Wand              |       |     2 |     6 |    17 |    12 |    15 |     2 ||    54
         Phantom mirror    |       |       |       |       |       |     1 |       ||     1
    Use: Scroll            |       |     1 |     9 |    15 |    11 |    12 |     2 ||    50
         Potion            |       |       |       |       |       |       |     8 ||     8
   Stab: Paralysed         |       |       |     2 |     8 |       |       |     1 ||    11
         Distracted        |       |       |       |       |       |     1 |       ||     1
         Invisible         |       |       |       |       |       |       |     3 ||     3
 Armour: Leather armour    |    11 |       |       |       |       |       |       ||    11
         Ring mail         |    29 |   106 |       |       |   543 |   529 |   101 ||  1308
         Chain mail        |       |    12 |   135 |       |       |       |       ||   147
         Scale mail        |       |    21 |    81 |    22 |     4 |       |       ||   128
         Swamp dragon scal |       |       |       |   344 |    56 |       |       ||   400
  Dodge: Dodged            |    71 |   131 |   125 |   436 |   921 |   393 |    54 ||  2131

Table legend: (Time is in decaauts)
 A = Elapsed time spent in this place.
 B = Non-inter-level travel time spent in this place.
 C = Inter-level travel time spent in this place.
 D = Time resting spent in this place.
 E = Time spent auto-exploring this place.
 F = Levels seen in this place.
 G = Mean time per level.
                   A        B        C        D        E       F      G
               +--------+--------+--------+--------+--------+-----+--------+
         Total |  57272 |  52744 |   4528 |  19633 |  20106 |  34 | 1684.5 |
       Dungeon |  24297 |  22731 |   1566 |   7829 |   8889 |  15 | 1619.8 |
        Temple |     32 |     23 |      9 |      0 |     16 |   1 |   32.0 |
          Lair |  10263 |   9333 |    930 |   3251 |   3624 |   5 | 2052.6 |
        Shoals |   6392 |   5652 |    740 |   2679 |   1446 |   4 | 1598.0 |
     Snake Pit |   8478 |   7856 |    622 |   2191 |   3982 |   4 | 2119.5 |
  Orcish Mines |   3510 |   2979 |    531 |   1582 |    810 |   2 | 1755.0 |
   Elven Halls |   3650 |   3521 |    129 |   1871 |   1092 |   2 | 1825.0 |
        Vaults |    645 |    645 |      0 |    229 |    247 |   1 |  645.0 |
               +--------+--------+--------+--------+--------+-----+--------+

Top non-repeatable levels by time:
     D:9: 4273 daAuts
 Snake:4: 3705 daAuts
  Lair:2: 3107 daAuts
  Lair:5: 2697 daAuts
   Orc:2: 2184 daAuts
Shoals:3: 2079 daAuts
   Elf:1: 2041 daAuts
    D:11: 2030 daAuts
 Snake:3: 1865 daAuts
    D:14: 1841 daAuts
Shoals:4: 1808 daAuts
     D:8: 1748 daAuts
    D:10: 1710 daAuts
     D:6: 1688 daAuts
  Lair:1: 1659 daAuts
